[Event "Rapid Tournament (RAP)"]
[Site "Biel, Switzerland"]
[Date "2026.07.12"]
[Round "3.3"]
[White "Bu, Xiangzhi"]
[Black "Gautier, Anand"]
[Result "1-0"]
[TimeControl "15 + 5"]
[WhiteTitle "-"]
[BlackTitle "-"]
[WhiteFideId "8601445"]
[BlackFideId "26010186"]
[WhiteElo "2583"]
[BlackElo "2223"]

1. c4 Nf6 2. Nc3 g6 3. g3 Bg7 4. Bg2 O-O 5. d4 d6 6. Nf3 Nc6 7. O-O e5 8. dxe5 Nxe5 9. b3 Nxf3+ 10. Bxf3 Bh3 11. Re1 c6 12.
Be3 Qa5 13. Rc1 Rfe8 14. Qd2 Re6 15. Nd5 Qxd2 16. Nxf6+ Bxf6 17. Bxd2 h5 18. Bg2 Bxg2 19. Kxg2 Rae8 20. e3 Bg7 21. Red1 f5 22. Bb4 Bf8 23. Rc2 Kf7 24. Rcd2 Rd8 25.
Kf3 Be7 26. h3 a6 27. Ba5 Rc8 28. Bb6 Bd8 29. Bd4 b5 30. g4 hxg4+ 31. hxg4 fxg4+ 32. Kxg4 Be7 33. Kf3 Bf6 34. Rc2 Bxd4 35. Rxd4 Ke7 36. Rh4 Rf6+ 37. Ke2 c5 38.
f4 Ra8 39. Kd3 b4 40. Rg2 a5 41. Rh7+ Ke6 42. Rg7 a4 43. bxa4 Rxa4 44. Ke4 Ra3 45. R2xg6 Rxg6 46. f5+ Kf6 47.
Rxg6+ Ke7 48. Rg7+ Ke8 49. Kd5 Rxe3 50.
Kxd6 Rf3 51. Re7+ Kd8 52. Re5 Rf2 53. Kxc5 Rxa2 54. Kxb4 Kd7 55. Kb5 Rb2+ 56. Kc5 Rf2 57. Kb6 Rb2+ 58.
Rb5 Rc2 59. Rd5+ Kc8 60. c5 Rh2 61.
f6 Rf2 62. Rd6 Rf1 63. Kc6 Rf5 64. Re6 Kd8 65. Kb6 Kd7 66. Rd6+ Kc8 67. c6 Rf1 68. Re6 Rb1+ 69. Kc5 Rc1+ 70. Kd6 Rd1+ 71. Ke7 Kc7 72. f7 1-0

[Event "Rapid Tournament (RAP)"]
[Site "Biel, Switzerland"]
[Date "2026.07.12"]
[Round "3.4"]
[White "Haimovich, Tal"]
[Black "Ganguly, Surya Shekhar"]
[Result "0-1"]
[TimeControl "15 + 5"]
[WhiteTitle "-"]
[BlackTitle "-"]
[WhiteFideId "2801698"]
[BlackFideId "5002150"]
[WhiteElo "2245"]
[BlackElo "2545"]

1. Nf3 d5 2. d4 Nf6 3. c4 e6 4.
Nc3 Be7 5. Bg5 h6 6. Bh4 O-O 7. e3 Nbd7 8. cxd5 Nxd5 9. Bxe7 Nxe7 10. Bd3 c5 11. O-O b6 12. Re1 cxd4 13. exd4 Bb7 14.
Qe2 Nf6 15. Rad1 Ned5 16. Bb1 Rc8 17. Ne4 Nf4 18. Qd2 Bxe4 19. Bxe4 Nxe4 20. Qxf4 Nf6 21. Rc1 Qd5 22. b3 Qa5 23.
Re2 Nd5 0-1

[Event "Rapid Tournament (RAP)"]
[Site "Biel, Switzerland"]
[Date "2026.07.12"]
[Round "3.5"]
[White "Sasikiran, Krishnan"]
[Black "Frey, Fabian"]
[Result "1-0"]
[TimeControl "15 + 5"]
[WhiteTitle "-"]
[BlackTitle "-"]
[WhiteFideId "5004985"]
[BlackFideId "1336487"]
[WhiteElo "2520"]
[BlackElo "2207"]

1. e4 e5 2. Nf3 Nc6 3. Bb5 Nge7 4. O-O g6 5. c3 a6 6. Ba4 Bg7 7. d4 exd4 8. cxd4 b5 9. Bb3 O-O 10.
a4 Bb7 11. Re1 d6 12. h4 Na5 13. Bc2 c5 14. h5 Nac6 15. Be3 cxd4 16. Nxd4 Rc8 17. h6 Bh8 18. axb5 axb5 19. Nc3 b4 20.
Ncb5 d5 21. Bb3 Na5 22. Ba2 Nc4 23. Bg5 Re8 24. Bxc4 Rxc4 25. e5 Qb6 26. b3 Rcc8 27. Nd6 Nc6 28. Nxc6 Bxc6 29. Nxc8 Rxc8 30.
Bf6 Bxf6 31. exf6 Bd7 32. Rc1 Rd8 33. Qxd5 Be6 34. Qc5 Qb8 35. Qe7 Re8 36. Rxe6 Rxe7 37. Rxe7 Qd8 38. Rec7 1-0

[Event "Rapid Tournament (RAP)"]
[Site "Biel, Switzerland"]
[Date "2026.07.12"]
[Round "3.6"]
[White "Manko, Mariia"]
[Black "Alexakis, Dimitris"]
[Result "0-1"]
[TimeControl "15 + 5"]
[WhiteTitle "-"]
[BlackTitle "-"]
[WhiteFideId "14199220"]
[BlackFideId "4277023"]
[WhiteElo "2210"]
[BlackElo "2518"]

1. d4 Nf6 2. c4 e6 3. g3 Bb4+ 4. Bd2 a5 5. Bg2 d6 6. Nf3 Nbd7 7. Qc2 e5 8.
O-O O-O 9. Nc3 Re8 10. e4 exd4 11. Nxd4 Ne5 12. b3 Bc5 13. Nf5 g6 14. Ne3 h5 15. h3 h4 16. g4 Nc6 17. Ncd5 Nb4 18.
Qc3 Nbxd5 19. Nxd5 Nxd5 20. cxd5 Bd7 21. Bc1 Bb4 22. Qf3 Bb5 23. a3 Bxf1 24. Kxf1 Bc5 25. Bb2 Re5 26. Rc1 Bb6 27.
Qe2 Qf6 28. Rc3 Rae8 29. Rf3 Qg5 30. Rd3 Qf4 31. Kg1 Rxe4 32. Bxe4 Rxe4 33. Qc2 Re1+ 34. Kg2 Qe4+ 35. f3 Rg1+ 36. Kh2 Qf4# 0-1

[Event "Rapid Tournament (RAP)"]
[Site "Biel, Switzerland"]
[Date "2026.07.12"]
[Round "3.7"]
[White "Aronyak, Ghosh"]
[Black "Kukushkin, Ivan"]
[Result "1/2-1/2"]
[TimeControl "15 + 5"]
[WhiteTitle "-"]
[BlackTitle "-"]
[WhiteFideId "25072846"]
[BlackFideId "11634103"]
[WhiteElo "2482"]
[BlackElo "2186"]

1. d4 d5 2. c4 e6 3. Nc3 Nf6 4. Bg5 Be7 5. e3 O-O 6. Nf3 Nbd7 7. Rc1 dxc4 8. Bxc4 c5 9.
O-O a6 10. dxc5 Nxc5 11. Be2 b5 12. Nd4 Bb7 13. Bxf6 Bxf6 14. Ncxb5 axb5 15. Rxc5 Rxa2 16. Rxb5 Bxd4 17. exd4 Ba6 18. Re5 Bxe2 19. Rxe2 Qb6 20. Qb1 Ra4 21. Rd1 Rxd4 22. Rxd4 Qxd4 23. b4 Rb8 24. Rb2 Rb5 25.
h3 g6 26. Rb3 Rf5 27. Rf3 Rb5 28. Rb3 Rf5 29. Rb2 Rb5 30. Rb3 Rf5 31. Rb2 1/2-1/2

[Event "Rapid Tournament (RAP)"]
[Site "Biel, Switzerland"]
[Date "2026.07.12"]
[Round "3.8"]
[White "Rohrer, Christophe"]
[Black "Ghosh, Diptayan"]
[Result "1/2-1/2"]
[TimeControl "15 + 5"]
[WhiteTitle "-"]
[BlackTitle "-"]
[WhiteFideId "1326546"]
[BlackFideId "5045207"]
[WhiteElo "2202"]
[BlackElo "2480"]

1. e4 e5 2. Nf3 Nc6 3. Bb5 a6 4. Ba4 Bc5 5. Nc3 Ba7 6. d3 Nge7 7. Ng5 h6 8. Qh5 O-O 9. Nf3 d5 10. Bxc6 bxc6 11. Nxe5 dxe4 12.
dxe4 Qd6 13. Nd3 Ng6 14. Be3 Bxe3 15. fxe3 Qe7 16. O-O a5 17. Qc5 Qxc5 18. Nxc5 Ne5 19. b3 Re8 20. h3 f6 21. Rad1 Nf7 22. Ne2 Nd6 23.
Nc3 Re5 24. Nd3 Re7 25. Nc5 Re5 26. Nd3 Re7 27. Nc5 Be6 28. a4 Bf7 29. Rd4 Bg6 30. Rfd1 Rae8 31. g4 h5 32. Kf2 hxg4 33.
hxg4 Bh7 34. Kf3 Nf7 35. Kf4 Re5 36. Nd3 Nd6 37. Rxd6 Rxe4+ 38. Nxe4 Rxe4+ 39. Kf3 cxd6 40. Nf4 d5 41.
Ne2 Re7 42. Rd2 Be4+ 43. Kf2 Kf7 44. Nd4 Rc7 45. c3 c5 46.
Nb5 Rc6 47. c4 dxc4 48. Nd6+ Rxd6 49. Rxd6 cxb3 50. Rb6 c4 51.
Ke2 g5 52. Kd2 Bf3 53. Kc3 Bxg4 54. Kxc4 Be6+ 55. Kd3 Bd7 56. Rxb3 Bxa4 57. Rb6 Bd7 58. Rb7 Ke6 59. Ra7 a4 60. Ke4 Bc6+ 61. Kd4 Kf5 62. Ra5+ Kg6 63. Ra6 Bd7 64. e4 Kf7 65. e5 fxe5+ 66. Kxe5 g4 67. Kf4 Ke7 68. Rxa4 Bxa4 69. Kxg4 1/2-1/2

[Event "Rapid Tournament (RAP)"]
[Site "Biel, Switzerland"]
[Date "2026.07.12"]
[Round "3.9"]
[White "Acs, Peter"]
[Black "Harish, Neeraj"]
[Result "1-0"]
[TimeControl "15 + 5"]
[WhiteTitle "-"]
[BlackTitle "-"]
[WhiteFideId "708020"]
[BlackFideId "30958130"]
[WhiteElo "2474"]
[BlackElo "2140"]

1. e4 e5 2. Nf3 Nc6 3. d4 exd4 4. Bc4 Nf6 5. e5 d5 6. Bb5 Nd7 7. c3 dxc3 8. Nxc3 Nb6 9. O-O Be7 10. a4 a5 11. Be3 Be6 12.
Bxb6 cxb6 13. Nd4 Rc8 14. Nxe6 fxe6 15. Qg4 Kf7 16. Rfe1 Re8 17. Re3 Bc5 18. Qh5+ Kg8 19. Bd3 Bxe3 20.
Bxh7+ Kf8 21. fxe3 Ke7 22. Rd1 Nb4 23. Bg6 Rf8 24. e4 d4 25. Qh4+ Kd7 26. Rxd4+ Nd5 27. Qxd8+ Rcxd8 28. exd5 exd5 29.
Rxd5+ Ke6 30. Rb5 Rd2 31. Bh5 Rff2 32. Bg4+ Ke7 33. Bf3 Rxb2 34. Rxb2 Rxb2 35. Bxb7 Ke6 36. Bc6 Kxe5 37. Nb5 Ra2 38.
Na7 Kd6 39. Bb5 Kc5 40. h4 Rd2 41. Kh2 Rd4 42. Kh3 Re4 43. h5 Re7 44. Nc6 Re6 45. g4 Re1 46. Kh4 Rh1+ 47. Kg5 Rg1 48. Kf5 Kd6 49. g5 Rh1 50. Kg6 Ke6 51. Nd4+ Kd5 52. Bc6+ 1-0

[Event "Rapid Tournament (RAP)"]
[Site "Biel, Switzerland"]
[Date "2026.07.12"]
[Round "3.10"]
[White "Erne, Raphael"]
[Black "Gopal, G.N."]
[Result "0-1"]
[TimeControl "15 + 5"]
[WhiteTitle "-"]
[BlackTitle "-"]
[WhiteFideId "1341928"]
[BlackFideId "5015693"]
[WhiteElo "2122"]
[BlackElo "2471"]

1. c4 c5 2. g3 g6 3. Bg2 Bg7 4. Nc3 Nc6 5. Nf3 d6 6. O-O Bf5 7.
h3 Qd7 8. Kh2 e5 9. d3 Nge7 10. e4 Be6 11. Nd5 h6 12. a3 f5 13. b4 O-O 14. Rb1 fxe4 15. dxe4 Nd4 16. Nxd4 cxd4 17.
f4 Rac8 18. Qe2 b5 19. cxb5 Nxd5 20. exd5 Bf5 21. Be4 Rfe8 22. g4 Bxe4 23. Qxe4 Qxb5 24. Rf2 exf4 25. Qf3 Rc3 26. Qd1 g5 27. Bb2 Rd3 28. Rd2 Rxd2+ 29. Qxd2 Re2+ 0-1

[Event "Rapid Tournament (RAP)"]
[Site "Biel, Switzerland"]
[Date "2026.07.12"]
[Round "3.11"]
[White "Arjun, Kalyan"]
[Black "Menzi, Jonas"]
[Result "1-0"]
[TimeControl "15 + 5"]
[WhiteTitle "-"]
[BlackTitle "-"]
[WhiteFideId "35018701"]
[BlackFideId "1345133"]
[WhiteElo "2390"]
[BlackElo "2114"]

1. e4 e5 2. Nf3 Nc6 3. Bc4 Nf6 4. d3 Be7 5. O-O O-O 6. Re1 d6 7. a4 Na5 8. Ba2 c5 9. c3 Nc6 10. Na3 h6 11. h3 a6 12.
Bd2 Rb8 13. Nc4 Be6 14. Ne3 Bxa2 15. Rxa2 d5 16. Nf5 d4 17. c4 Qd7 18. g4 Nh7 19. Qc1 Bd8 20. Kh2 Qe6 21. Rg1 Ba5 22. Bxa5 Nxa5 23. g5 hxg5 24.
Nxg5 Nxg5 25. Qxg5 g6 26. Qh6 Qf6 27. Rg4 Rfd8 28. Rh4 Qxh4 29. Qg7# 1-0

[Event "Rapid Tournament (RAP)"]
[Site "Biel, Switzerland"]
[Date "2026.07.12"]
[Round "3.12"]
[White "El-Mais, Ibaa"]
[Black "Gloeckler, Christian"]
[Result "0-1"]
[TimeControl "15 + 5"]
[WhiteTitle "-"]
[BlackTitle "-"]
[WhiteFideId "1312715"]
[BlackFideId "34608966"]
[WhiteElo "2100"]
[BlackElo "2332"]

1. d4 Nf6 2. c4 e6 3. Nc3 Bb4 4. e3 O-O 5. Bd3 d5 6.
Nf3 dxc4 7. Bxc4 c5 8. O-O cxd4 9. exd4 b6 10. Bg5 h6 11. Bh4 Bb7 12. Bb3 Bxc3 13. bxc3 Nc6 14. Qd3 Ne7 15.
Bxf6 gxf6 16. Bc2 f5 17. Ne5 Nd5 18.
Qd2 Kg7 19. c4 Ne7 20. Qe3 Rc8 21. Bb3 Ng8 22. Rad1 Qg5 23. Qh3 f4 24. Rfe1 Rfe8 25. Nf3 Bxf3 26. Qxf3 Rcd8 27. Re5 Qf6 28. Qe4 Ne7 29. Bc2 Ng6 30.
Rh5 Rd6 31. d5 Red8 32. g3 Qc3 33. Kg2 f3+ 34. Kg1 b5 35.
Bb3 0-1

[Event "Rapid Tournament (RAP)"]
[Site "Biel, Switzerland"]
[Date "2026.07.12"]
[Round "3.13"]
[White "Savitha, Shri B"]
[Black "Fogo Esquivel, Levi Kalani Alexander"]
[Result "1-0"]
[TimeControl "15 + 5"]
[WhiteTitle "-"]
[BlackTitle "-"]
[WhiteFideId "35061887"]
[BlackFideId "5183189"]
[WhiteElo "2317"]
[BlackElo "2088"]

1. e4 e5 2. Nf3 d5 3. exd5 e4 4. Qe2 Nf6 5. Nc3 Be7 6. Nxe4 O-O 7. d3 Nxd5 8. c4 Nb4 9. a3 N4c6 10. Be3 f5 11. Nc3 f4 12. Bd2 Bg4 13. Qe4 Bxf3 14.
gxf3 Nd4 15. O-O-O Nbc6 16. Bh3 Bf6 17. Kb1 Re8 18. Qd5+ Qxd5 19. Nxd5 Be5 20. Bc3 Nxf3 21. Bd7 Red8 22. Bxc6 bxc6 23. Ne7+ Kf8 24. Nxc6 Bxc3 25. Nxd8 Rb8 26. Kc2 Bf6 27.
Ne6+ Kf7 28. Nxc7 Rxb2+ 29. Kc1 Ra2 30. Nd5 Ra1+ 31. Kc2 Nd4+ 32. Kb2 Rxd1 33. Rxd1 Be5 34. Ka2 f3 35. h3 Ke6 36. Rb1 Ne2 37. a4 Bd4 38. a5 Ke5 39.
a6 Bc5 40. h4 Kd4 41. Rb5 Bd6 42. Rb7 Bc5 43. Rc7 Bd6 44. Rxa7 Kxd3 45.
Rc7 Bxc7 46. a7 Be5 47.
a8=Q Kxc4 48. Ne3+ Kd3 49. Qxf3 Nd4 50. Qd1+ Ke4 51. h5 h6 52. Nc4 Bf6 53.
Nd6+ Kf4 54. Ne8 Be5 55. Qd2+ Ke4 56. Qe1+ Kf5 57. Qg1 Ke4 58. Nxg7 Kf3 59. Qg6 Kxf2 60. Qxh6 Ne2 61. Ne6 Kf3 62. Qf8+ Ke4 63. h6 Kd5 64. h7 Kxe6 65. h8=Q Bxh8 66. Qxh8 Nf4 67. Kb3 Kf5 68. Kc4 Ke4 69. Qe8 Kf3 70. Kd4 Ne2+ 71. Kd3 Nf4+ 72. Kd2 Ng2 73.
Qc6+ Kg3 74. Qc3+ Kf2 75. Qh3 Kf1 76. Qg3 Kg1 77. Ke2 Kh1 78. Kf2 Nf4 79. Qg1+ 1-0

[Event "Rapid Tournament (RAP)"]
[Site "Biel, Switzerland"]
[Date "2026.07.12"]
[Round "3.14"]
[White "Xu, Chang(Cq)"]
[Black "Maier, Christian"]
[Result "1-0"]
[TimeControl "15 + 5"]
[WhiteTitle "-"]
[BlackTitle "-"]
[WhiteFideId "8641757"]
[BlackFideId "4601955"]
[WhiteElo "2082"]
[BlackElo "2314"]

1. e4 e5 2. Nf3 Nc6 3. Bb5 a6 4. Ba4 Nf6 5. O-O Be7 6.
Re1 b5 7. Bb3 O-O 8. c3 d6 9. h3 Re8 10.
d4 Bf8 11. Nbd2 Na5 12. Bc2 Bb7 13. a4 h6 14. Bd3 Qd7 15. b3 exd4 16. cxd4 Nc6 17. Ba3 Ne7 18. Nf1 Ng6 19. Ng3 Nf4 20.
Bc2 c5 21. d5 g6 22. Bb2 Bg7 23. Qd2 N4h5 24. Nf1 Rac8 25. N1h2 Nh7 26. Bxg7 Nxg7 27. Qxh6 c4 28. Ng4 Qe7 29.
axb5 axb5 30. bxc4 Rxc4 31. Bd3 Rc5 32. Ra7 Rb8 33. Rb1 Ne8 34. Rxb5 Rxb5 35. Bxb5 Qxe4 36. Bxe8 Qb1+ 37. Kh2 Rxe8 38. Ng5 1-0

[Event "Rapid Tournament (RAP)"]
[Site "Biel, Switzerland"]
[Date "2026.07.12"]
[Round "3.15"]
[White "Lu, Miaoyi"]
[Black "Haugner, Jan"]
[Result "1-0"]
[TimeControl "15 + 5"]
[WhiteTitle "-"]
[BlackTitle "-"]
[WhiteFideId "8618020"]
[BlackFideId "24655244"]
[WhiteElo "2309"]
[BlackElo "2079"]

1. e4 c5 2. Nc3 a6 3. g3 b5 4. Bg2 Bb7 5. Nge2 e6 6. d4 cxd4 7. Nxd4 Nc6 8. O-O Qb6 9. Nb3 d6 10. a4 b4 11.
Be3 Qc7 12. Nb1 a5 13. N1d2 Nf6 14. Rc1 Ne5 15. h3 Be7 16. c3 Nd3 17. Rc2 Qd7 18. Nc4 Qxa4 19. Rd2 Qb5 20. Nb6 Ra6 21.
c4 Qc6 22. Rxd3 Rxb6 23. Nxa5 Qc7 24. Bxb6 Qxb6 25. Nxb7 Qxb7 26. e5 1-0

[Event "Rapid Tournament (RAP)"]
[Site "Biel, Switzerland"]
[Date "2026.07.12"]
[Round "3.16"]
[White "Ling, Chenxuan"]
[Black "Cherniaev, Alexander"]
[Result "1/2-1/2"]
[TimeControl "15 + 5"]
[WhiteTitle "-"]
[BlackTitle "-"]
[WhiteFideId "30983118"]
[BlackFideId "4117301"]
[WhiteElo "2077"]
[BlackElo "2299"]

1. d4 Nf6 2. Bf4 d6 3. e3 g6 4.
Bd3 Bg7 5. Nf3 O-O 6. O-O Nc6 7. Nbd2 Nd7 8. c3 e5 9. Bg3 f5 10. h3 Kh8 11. Bb5 g5 12. Bxc6 bxc6 13. dxe5 dxe5 14. Re1 Ba6 15. Nb3 Rb8 16. Nxg5 Qxg5 17. Qxd7 f4 18.
exf4 exf4 19. Bh2 Bc4 20. Qg4 Qxg4 21.
hxg4 Bxb3 22. axb3 Rxb3 23. Re4 Rxb2 24. Bxf4 Bxc3 25. Rxa7 Rb1+ 26.
Kh2 Rb4 27. Rxb4 Bxb4 28. Be5+ Kg8 29. Rxc7 Rxf2 30. Rg7+ Kf8 31. Rxh7 Be7 32. Rh5 Re2 33. Rf5+ Kg8 34. Kh3 Bf8 35. g5 Bg7 36. Bf4 Kh7 37.
Rc5 Re6 38. Kg4 Kg6 39. Rc4 Bf8 40.
Ra4 Re8 41. g3 Re6 42. Ra8 Bg7 43. Rc8 Bd4 44. Rd8 Bg7 45. Rd7 Bh8 46. Bd2 Re4+ 47. Kf3 Re6 48. Kf4 Be5+ 49. Kf3 Bg7 50. Bb4 Bh8 51. Be7 Bg7 52.
Bd8 Bh8 53. Kg4 Re4+ 54. Kh3 Re6 1/2-1/2

[Event "Rapid Tournament (RAP)"]
[Site "Biel, Switzerland"]
[Date "2026.07.12"]
[Round "3.17"]
[White "Balabayeva, Xeniya"]
[Black "Piazza, Carlo"]
[Result "1-0"]
[TimeControl "15 + 5"]
[WhiteTitle "-"]
[BlackTitle "-"]
[WhiteFideId "13719688"]
[BlackFideId "809683"]
[WhiteElo "2291"]
[BlackElo "2076"]

1. d4 Nf6 2. Nf3 g6 3.
g3 Bg7 4. Bg2 O-O 5. O-O d5 6. c3 c6 7. a4 a5 8. Nbd2 Bf5 9. Re1 Ne4 10. Nh4 Nxd2 11. Nxf5 gxf5 12. Bxd2 Nd7 13.
Qc2 e6 14. f3 c5 15. dxc5 Nxc5 16. Be3 Qc7 17. Bf2 Rfd8 18. Rec1 Na6 19. Qb3 Rd7 20. Qb5 Qc6 21. Qxa5 Nc7 22.
Qb6 Qxb6 23. Bxb6 Ra6 24. Bf2 e5 25. Bh3 Rf6 26. Rd1 Rdd6 27. Bc5 Rc6 28. Be7 1-0

[Event "Rapid Tournament (RAP)"]
[Site "Biel, Switzerland"]
[Date "2026.07.12"]
[Round "3.18"]
[White "Shukhman, Anna"]
[Black "Sadeghi, Hassan Roger"]
[Result "1-0"]
[TimeControl "15 + 5"]
[WhiteTitle "-"]
[BlackTitle "-"]
[WhiteFideId "54180058"]
[BlackFideId "1304712"]
[WhiteElo "2272"]
[BlackElo "2028"]

1. e4 Nc6 2. Nc3 e5 3. Bc4 Nf6 4. d3 Bb4 5. Bg5 h6 6.
Bxf6 Bxc3+ 7. bxc3 Qxf6 8. Ne2 d6 9. O-O g5 10. Bb5 Bd7 11. c4 Rd8 12. Nc3 Ne7 13. Bxd7+ Rxd7 14. Nd5 Nxd5 15.
cxd5 b6 16. c4 a5 17. Qh5 Qg6 18. Qh3 g4 19. Qe3 f5 20. exf5 Qxf5 21. f4 gxf3 22. Rxf3 Qh7 23. Raf1 Rg8 24. Qf2 Rdg7 25. Rf8+ Kd7 26.
Qf7+ 1-0

[Event "Rapid Tournament (RAP)"]
[Site "Biel, Switzerland"]
[Date "2026.07.12"]
[Round "3.19"]
[White "Jehnichen, Kai"]
[Black "Dong, Hongfu"]
[Result "0-1"]
[TimeControl "15 + 5"]
[WhiteTitle "-"]
[BlackTitle "-"]
[WhiteFideId "24684333"]
[BlackFideId "8626960"]
[WhiteElo "1903"]
[BlackElo "2271"]

1. e4 c5 2. Nf3 e6 3. c3 Nf6 4. e5 Nd5 5. d4 cxd4 6. cxd4 d6 7. Nc3 Nc6 8. Bd3 dxe5 9. dxe5 Nxc3 10. bxc3 Qa5 11. O-O Nxe5 12.
Nxe5 Qxe5 13. Bd2 Bd6 14. Qa4+ Bd7 15. Qh4 Qd5 16. Qh3 Bb5 17. Bxb5+ Qxb5 18. Qg4 O-O 19. Rab1 Qe5 20. g3 b6 21.
a4 Bc5 22. Rbc1 Rad8 23. Bg5 Rd5 24. Bf4 Qf5 25. Qxf5 Rxf5 26. a5 g5 27. Bd2 Rd8 28. Rc2 bxa5 29. Ra2 a4 30. Bc1 Rd3 0-1

[Event "Rapid Tournament (RAP)"]
[Site "Biel, Switzerland"]
[Date "2026.07.12"]
[Round "3.20"]
[White "Tkhoruk, Roman"]
[Black "Villiger, Jan"]
[Result "1-0"]
[TimeControl "15 + 5"]
[WhiteTitle "-"]
[BlackTitle "-"]
[WhiteFideId "34161589"]
[BlackFideId "1340891"]
[WhiteElo "2076"]
[BlackElo "1846"]

1. e4 c5 2. Nf3 d6 3. Bb5+ Nd7 4. O-O a6 5. Bd3 g6 6.
c3 Bg7 7. Bc2 Ngf6 8. d4 e5 9. dxe5 dxe5 10. Nbd2 O-O 11. Nc4 Qc7 12. a4 b6 13. Qd6 Qxd6 14. Nxd6 Ne8 15. Nxc8 Rxc8 16.
Rd1 Rc7 17. b3 Nef6 18. h3 Rfc8 19. Be3 Nh5 20. g3 b5 21. a5 Nhf6 22. Rd2 Ne8 23. Rad1 Nf8 24. Rd5 f6 25. Kf1 Kf7 26.
Ke2 Ke7 27. g4 Ne6 28. g5 Nf4+ 29. Bxf4 exf4 30. gxf6+ Bxf6 31. e5 Bg7 32. c4 bxc4 33. bxc4 Rb8 34. Ba4 Bh6 35. Rd7+ Kf8 36.
Rxc7 Nxc7 37. Rd7 Ne6 38. Ra7 Rb4 39. Bd7 Nd4+ 40. Nxd4 cxd4 41. Kd3 Bg7 42. Rxa6 Bxe5 43. Re6 Bg7 44. a6 Rb3+ 45. Kc2 Ra3 46.
Bb5 d3+ 47. Kd2 f3 48. c5 Bh6+ 49.
Re3 Bxe3+ 50. Kxe3 Ke7 51. Bxd3 Kd7 52. Kd4 Kc6 53. Be4+ Kc7 54.
Bb7 Ra4+ 55. Ke3 Rh4 56. Bxf3 Ra4 57. Bb7 h6 58. f4 Rb4 59. Kf3 Ra4 60. h4 g5 61. hxg5 hxg5 62. fxg5 Ra5 63. g6 Rxc5 64. Kf4 Rc1 65.
Bf3 Kb6 66. g7 Rc8 67. Bd5 Kxa6 68. Ke5 Kb6 69.
Kd6 Rd8 70. Ke7 Kc7 71. Bf7 1-0

[Event "Rapid Tournament (RAP)"]
[Site "Biel, Switzerland"]
[Date "2026.07.12"]
[Round "3.21"]
[White "Filimonov, Arsenii"]
[Black "Fernandes Barbosa Dos Santos, Gabriel"]
[Result "1-0"]
[TimeControl "15 + 5"]
[WhiteTitle "-"]
[BlackTitle "-"]
[WhiteFideId "34171584"]
[BlackFideId "1354388"]
[WhiteElo "1843"]
[BlackElo "2199"]

1. e4 c5 2. Nf3 d6 3. d4 cxd4 4. Nxd4 Nf6 5. Nc3 g6 6.
Bg5 Bg7 7. Bb5+ Bd7 8. Qe2 a6 9. Bxd7+ Nbxd7 10. O-O-O Rc8 11. f4 Rxc3 12. bxc3 Qa5 13. Nb3 Qa3+ 14. Kd2 O-O 15. Rhe1 Rc8 16. Qf3 h6 17. Bxf6 Bxf6 18. e5 dxe5 19.
Qxb7 Rd8 20. Ke2 Qa4 21. fxe5 Bxe5 22. Kf1 Kg7 23. Re4 Qxa2 24. Rxe5 Nxe5 25. Rxd8 Qb1+ 26. Ke2 Qxc2+ 27. Rd2 Qxc3 28.
Qe4 f6 29. Nd4 a5 30. Ne6+ Kh7 31. Rc2 Qb3 32. Nd4 Qb4 33. h4 h5 34. Rc7 a4 35. g3 a3 36. Qb7 Qxb7 37. Rxb7 Nc4 38.
Rxe7+ 1-0

[Event "Rapid Tournament (RAP)"]
[Site "Biel, Switzerland"]
[Date "2026.07.12"]
[Round "3.22"]
[White "De Gregorio, Alexis"]
[Black "Aryan, Goyal"]
[Result "0-1"]
[TimeControl "15 + 5"]
[WhiteTitle "-"]
[BlackTitle "-"]
[WhiteFideId "1310054"]
[BlackFideId "366108825"]
[WhiteElo "2030"]
[BlackElo "1869"]

1. d4 Nf6 2. c4 e6 3. Nc3 Bb4 4. Qc2 O-O 5. e4 d5 6. e5 Ne4 7. Bd3 c5 8. a3 Qa5 9. axb4 Qxa1 10.
bxc5 Nc6 11. Nge2 Nb4 12. Qd1 Nxc3 13. bxc3 Nxd3+ 14. Qxd3 dxc4 15. Qg3 Qb1 16. O-O Qd3 17. Qg4 Bd7 18.
Nf4 Qf5 19. Qxf5 exf5 20. Nd5 h6 21. Ne3 Rfd8 22. Nxc4 Bb5 0-1

[Event "Rapid Tournament (RAP)"]
[Site "Biel, Switzerland"]
[Date "2026.07.12"]
[Round "3.23"]
[White "Egli, Urs"]
[Black "Creux, Francois"]
[Result "1-0"]
[TimeControl "15 + 5"]
[WhiteTitle "-"]
[BlackTitle "-"]
[WhiteFideId "1306685"]
[BlackFideId "1357743"]
[WhiteElo "1964"]
[BlackElo "1668"]

1. g3 d5 2. Bg2 e5 3. c4 c6 4.
cxd5 cxd5 5. d4 e4 6. Nh3 Nc6 7. Nc3 Nf6 8. Bg5 Be7 9. e3 O-O 10. O-O Bg4 11. Qb3 Na5 12. Qc2 Rc8 13.
Nf4 Be6 14. f3 Nc4 15. Qe2 exf3 16. Bxf3 h6 17. Bxf6 Bxf6 18. Ncxd5 Bxd5 19. Bxd5 b5 20. b3 Nxe3 21. Qxe3 Re8 22. Qf3 Qb6 23. Rae1 Qxd4+ 24. Kh1 Red8 25. Rd1 Qc3 26. Nh5 Qxf3+ 27. Rxf3 Kf8 28. Nxf6 gxf6 29. Rxf6 Rc7 30. Rxh6 Kg7 31. Rh5 Kg6 32.
Be4+ Kxh5 33. Rxd8 Re7 34. Bf3+ Kg5 35. h4+ Kf6 36. Kg2 Rc7 37. a4 Ke7 38. Rd4 bxa4 39. bxa4 1-0

[Event "Rapid Tournament (RAP)"]
[Site "Biel, Switzerland"]
[Date "2026.07.12"]
[Round "3.24"]
[White "Duric, Ivan"]
[Black "Filipovic, Branko"]
[Result "0-1"]
[TimeControl "15 + 5"]
[WhiteTitle "-"]
[BlackTitle "-"]
[WhiteFideId "1358138"]
[BlackFideId "14507951"]
[WhiteElo "1832"]
[BlackElo "2279"]

1. d4 Nf6 2. c4 b6 3. Nc3 Bb7 4. Qc2 d5 5. Nf3 e6 6. Bg5 Be7 7. e3 O-O 8. h4 h6 9. Ne5 Nbd7 10.
f3 Nxe5 11. dxe5 Nd7 12. Bf4 c6 13.
O-O-O b5 14. g4 Bxh4 15. Qh2 Bg5 16. Bxg5 Qxg5 17. f4 Qe7 18. g5 bxc4 19. gxh6 g6 20. h7+ Kh8 21. Be2 f6 22. exf6 Rxf6 23. Rdg1 Nf8 24.
e4 c5 25. e5 Rf7 26. Qf2 d4 27. Nb5 Bxh1 28. Rxh1 d3 29. Bd1 Rd8 30. Nd6 Rxd6 31. exd6 Qxd6 32. Qe3 Qxf4 33. Qxf4 Rxf4 34. Rh6 Rf7 35. Kd2 Rxh7 36. Rxh7+ Kxh7 37. b3 cxb3 38. Bxb3 Kg7 39. Kxd3 Kf6 40. Ke3 Nd7 41.
Ke4 Nb6 0-1

[Event "Rapid Tournament (RAP)"]
[Site "Biel, Switzerland"]
[Date "2026.07.12"]
[Round "3.25"]
[White "Habibi, Ali"]
[Black "Gireada, Lucas"]
[Result "1-0"]
[TimeControl "15 + 5"]
[WhiteTitle "-"]
[BlackTitle "-"]
[WhiteFideId "4604393"]
[BlackFideId "1373544"]
[WhiteElo "2187"]
[BlackElo "1837"]

1. Nf3 Nf6 2. g3 g6 3. Bg2 Bg7 4. O-O O-O 5. d3 d5 6. c3 c5 7. Qa4 Nc6 8. Qh4 Qd7 9. h3 e5 10. Bh6 Qe7 11. Ng5 Rd8 12. Nd2 Nh5 13. Bxg7 Kxg7 14.
Rad1 h6 15. Ngf3 Qxh4 16. Nxh4 Be6 17. b3 f5 18. e3 Nf6 19. Nhf3 Re8 20. Ne1 Rad8 21. Kh2 a6 22. Nc2 d4 23.
exd4 cxd4 24. c4 Bf7 25.
Rfe1 Re6 26. f3 Rde8 27. g4 R6e7 28. a3 g5 29. gxf5 Nh5 30. Ne4 Rd8 31. b4 Nf6 32. a4 Nxe4 33.
fxe4 Kf6 34. b5 Na5 35. Rb1 Rd6 36. c5 Rd8 37. bxa6 Bb3 38. Nb4 bxa6 39. Nxa6 Ra7 40. Nb4 Bxa4 41.
Nd5+ Kf7 42. Rb6 Bc2 43. Rxh6 Rb7 44. Ra1 Nb3 45. Ra2 Bb1 46. Raa6 Bxd3 47. Raf6+ Kg8 48. Rfg6+ Kf8 1-0

[Event "Rapid Tournament (RAP)"]
[Site "Biel, Switzerland"]
[Date "2026.07.12"]
[Round "3.26"]
[White "Gluckman, David"]
[Black "Rohde, Bernhard"]
[Result "1-0"]
[TimeControl "15 + 5"]
[WhiteTitle "-"]
[BlackTitle "-"]
[WhiteFideId "14300010"]
[BlackFideId "1323016"]
[WhiteElo "2161"]
[BlackElo "1834"]

1. e4 e6 2. d4 d5 3. Nc3 dxe4 4. Nxe4 Nc6 5. Nf3 h6 6. Bd3 Bb4+ 7. c3 Ba5 8. O-O Nf6 9.
Re1 Nd5 10. a3 a6 11. b4 Bb6 12. c4 Nf6 13. d5 Nd4 14. c5 Nxf3+ 15. Qxf3 Ba7 16. dxe6 Bxe6 17. Bb2 Nxe4 18. Bxe4 c6 19. Bxg7 Rg8 20. Bf6 Qc7 21.
Bh7 Bb8 22. Be5 Qxe5 23. Rxe5 Bxe5 24. Re1 Rg5 25. h4 Rg7 26. Bf5 Bxf5 27. Qxf5 f6 28. Qxf6 1-0